 Dungeon Crawl Stone Soup version 0.25-a0-941-g40c2d65 (webtiles) character file.

Game seed: 6254956777451062989, levelgen mode: deterministic

25315 TheGoonsmith the Frost Mage (level 13, -5/88 HPs)
             Began as a Gnoll Ice Elementalist on Mar 29, 2020.
             Was a High Priest of Hepliaklqana.
             Slain by a black mamba simulacrum (14 damage)
             ... on level 2 of the Lair of Beasts on May 5, 2020.
             The game lasted 00:40:42 (16180 turns).

TheGoonsmith the Frost Mage (GnIE)                 Turns: 16180, Time: 00:40:43

Health: -5/88      AC:  9    Str: 12    XL:     13   Next: 18%
Magic:  9/26       EV: 23    Int: 19    God:    Hepliaklqana [*****.]
Gold:   448        SH:  0    Dex: 23    Spells: 15/30 levels left

rFire    . . .     SeeInvis .   C - +8 dagger "Nohuef" {venom, rPois}
rCold    . . .     Gourm    +   (no shield)
rNeg     . . .     Faith    .   K - +0 steam dragon scales
rPois    +         Spirit   .   (no helmet)
rElec    .         Reflect  .   Q - +0 cloak
rCorr    .         Harm     .   D - +0 pair of gloves
MR       .....                  (no boots)
Stlth    ++++......             s - amulet of the gourmand
HPRegen  0.24/turn              a - +3 ring of evasion (curse)
MPRegen  0.20/turn              H - +5 ring of dexterity

@: lethally poisoned (-5 -> -5), very slightly contaminated, drained
A: distributed training, reduced essence, fangs 1, strong nose
a: Recall Ancestor, Ancestor Identity, Transference, Idealise, Renounce Religion


You were on level 2 of the Lair of Beasts.
You worshipped Hepliaklqana.
Hepliaklqana was extremely pleased with you.
You were very full.

You visited 3 branches of the dungeon, and saw 14 of its levels.

You collected 876 gold pieces.
You spent 428 gold pieces at shops.

Inventory:

Hand Weapons
 C - the +8 dagger "Nohuef" (weapon) {venom, rPois}
   (You found it on level 5 of the Dungeon)

   It poisons the flesh of those it strikes.
   It protects you from poison.
 W - a +0 lajatang
Missiles
 e - 59 poisoned darts (quivered)
 q - 15 curare-tipped darts
 E - 2 atropa-tipped darts
 P - 4 throwing nets
Armour
 x - a +2 robe of magic resistance
 D - a +0 pair of gloves (worn)
 K - +0 steam dragon scales (worn)
 Q - a +0 cloak (worn)
 X - a +2 robe of fire resistance
Magical Staves
 n - an uncursed staff of summoning
 V - an uncursed staff of fire {unknown}
Jewellery
 a - a cursed +3 ring of evasion (left hand)
 g - an uncursed ring of see invisible
 k - an uncursed ring of ice {unknown}
 l - an uncursed ring of flight
 s - an amulet of the gourmand (around neck)
 H - a +5 ring of dexterity (right hand)
 N - an uncursed amulet of the acrobat {unknown}
 R - an uncursed ring of protection from fire
 Y - an uncursed ring of magical power {unknown}
Wands
 b - a wand of flame (33)
 d - a wand of digging (7)
 w - a wand of random effects (43)
 G - a wand of paralysis (8)
 I - a wand of acid (11)
 O - a wand of polymorph (8)
Scrolls
 f - 5 scrolls of identify
 u - 8 scrolls of teleportation
 v - 6 scrolls of enchant weapon
 y - a scroll of amnesia
 M - 4 scrolls of blinking
 S - 5 scrolls of remove curse
 T - 3 scrolls of magic mapping
Potions
 h - a potion of invisibility {unknown}
 i - 2 potions of cancellation
 j - 2 potions of lignification
 m - 2 potions of might
 o - 4 potions of stabbing
 p - 4 potions of brilliance
 t - a potion of ambrosia {unknown}
 z - 2 potions of flight
 A - a potion of mutation {unknown}
 B - 8 potions of curing
 F - a potion of haste
 J - 2 potions of berserk rage {unknown}
 L - a potion of degeneration {unknown}
 U - 2 potions of heal wounds
Miscellaneous
 r - a box of beasts
Comestibles
 c - 31 rations


   Skills:
 + Level 7.9(7.1) Fighting
 + Level 7.9(7.1) Short Blades
 + Level 7.9(7.1) Long Blades
 + Level 7.9(7.1) Axes
 + Level 7.9(7.1) Maces & Flails
 + Level 7.9(7.1) Polearms
 + Level 7.9(7.1) Staves
 + Level 7.9(7.1) Slings
 + Level 7.9(7.1) Bows
 + Level 7.9(7.1) Crossbows
 + Level 7.9(7.1) Throwing
 + Level 7.9(7.1) Armour
 + Level 9.2(8.3) Dodging
 + Level 9.0(8.2) Stealth
 + Level 7.9(7.1) Shields
 + Level 7.9(7.1) Unarmed Combat
 + Level 9.4(8.5) Spellcasting
 + Level 6.6(5.7) Conjurations
 + Level 6.6(5.7) Hexes
 + Level 6.6(5.7) Charms
 + Level 6.6(5.7) Summonings
 + Level 6.6(5.7) Necromancy
 + Level 6.6(5.7) Translocations
 + Level 6.6(5.7) Transmutations
 + Level 6.6(5.7) Fire Magic
 + Level 9.7(8.9) Ice Magic
 + Level 6.6(5.7) Air Magic
 + Level 6.6(5.7) Earth Magic
 + Level 6.6(5.7) Poison Magic
 + Level 8.7(7.8) Invocations
 + Level 7.9(7.1) Evocations


You had 15 spell levels left.
You knew the following spells:

 Your Spells              Type           Power        Failure   Level  Hunger
a - Freeze                Ice            ####         1%          1    None
b - Ozocubu's Armour      Chrm/Ice       #####...     1%          3    None
c - Frozen Ramparts       Ice            #####.       1%          3    None
d - Hailstorm             Conj/Ice       #####...     4%          4    ###....
z - Summon Ice Beast      Ice/Summ       #####...     4%          4    ###....

Your spell library contained the following spells:

 Spells                   Type           Power        Failure   Level  Hunger
 Beastly Appendage        Tmut           ####..       1%          1    None
 Magic Dart               Conj           ####         1%          1    None
 Poisonous Vapours        Pois/Air       ####..       1%          2    None
 Searing Ray              Conj           ####..       1%          2    None
 Sticks to Snakes         Tmut           ####....     1%          2    None
 Conjure Flame            Conj/Fire      ####....     2%          3    None
 Dazzling Flash           Conj/Hex       ####..       2%          3    None
 Mephitic Cloud           Conj/Pois/Air  ####....     2%          3    None
 Spider Form              Tmut/Pois      ####......   2%          3    None
 Ice Form                 Ice/Tmut       #####...     4%          4    ###....
 Fulminant Prism          Conj/Hex       ####......   8%          4    ###....
 Iskenderun's Mystic Bla  Conj/Tloc      ####....     8%          4    ###....
 Blade Hands              Tmut           ####......   22%         5    #####..
 Irradiate                Conj/Tmut      ####......   22%         5    #####..
 Freezing Cloud           Conj/Ice/Air   ####......   63%         6    ######.
 Hydra Form               Tmut           ####......   77%         6    ######.
 Statue Form              Tmut/Erth      ####.....    77%         6    ######.
 Dragon Form              Tmut           ####......   100%        7    #######
 Ring of Flames           Chrm/Fire      ####......   100%        7    #######


Dungeon Overview and Level Annotations

Branches:
Dungeon (11/15)            Temple (1/1) D:4            Lair (2/6) D:10
  Swamp (0/4) Lair:2
  Snake: Lair:2-4    Spider: Lair:2-4       Orc: D:9-12

Altars:
Ashenzari
Cheibriados
Dithmenos
Elyvilon
Fedhas
Gozag
Hepliaklqana
Kikubaaqudgha
Makhleb
Nemelex Xobeh
Okawaru
Qazlal
Ru
Sif Muna
Trog
Uskayaw
Vehumet
Wu Jian
Xom
Yredelemnul
Zin
The Shining One

Shops:
D:4 [   D:11 *:


Innate Abilities, Weirdness & Mutations

Your experience applies equally to all skills.
You have very sharp teeth.
Your uncanny sense of smell can sniff out nearby items.
Your life essence is reduced to manifest your ancestor. (-10% HP)


Message History

The black mamba simulacrum freezes your ice beast.
Your ice beast completely resists.
Something bites your ice beast! Something freezes your ice beast.
Your ice beast completely resists.
The black mamba simulacrum bites your ice beast.
Your ice beast dies!
Your ice beast barely misses the black mamba simulacrum.
Evoke which item? (* to show all) (? for menu, Esc to quit)
Aiming: Throw Flame
Press: ? - help, Shift-Dir - straight line, f - black mamba simulacrum
Aim: a black mamba simulacrum (heavily damaged)
The puff of flame hits the black mamba simulacrum.
The black mamba simulacrum melts!
The black mamba simulacrum is heavily damaged.
Something bites your ice beast. Something freezes your ice beast.
Your ice beast completely resists.
The black mamba simulacrum bites you!
* * * LOW HITPOINT WARNING * * *
The black mamba simulacrum freezes you!
You die...

P..#.#.## #.§P§###...#..........
.......## ##§§..#.#.##.#######.#
.#...#.P## ##§#....(....# ###
P#...#...# #..##.#...####
..##.#.### ##..#.....# .##.#..#
#.##.##### .#..##.## ##....##
#.###P..####......#
#.####.##...#...@.# #########
..............#PZ####.#.#.#.#
.......#.....P##.P.#..#.....#
.#P#.###....####.Y..Y.'...(## #
###### #...## #.Y.#Z.'...[.# # #
### ##..# #.###..'...!## #
####.####..## ##.##.#.#.....# #
...........P# #..####.#.#.#.#####
.#.###.#.#.####....###########...


You could see a black mamba simulacrum and 2 friendly ice beasts.

Vanquished Creatures
  The ghost of Bisoxkiu the Protected, a journeyman HaAr of Ashenzari (Lair:2)
  Harold (D:7)
  3 two-headed ogres
  An ugly thing (D:11)
  2 black mambas (Lair:1)
  4 elephants (Lair:1)
  A gargoyle (D:11)
  3 spiny frogs
  Maggie (D:6)
  3 kobold demonologists (D:11)
  5 komodo dragons
  A merfolk (D:11)
  A troll (D:10)
  A hornet (D:11)
  Grinder (D:6)
  3 blink frogs (Lair:1)
  2 hippogriffs (D:10)
  A spectral black mamba (Lair:2)
  Sigmund (D:3)
  A human (D:11)
  A wyvern (D:10)
  A steam dragon (D:10)
  13 yaks
  3 basilisks
  A hungry ghost (D:9)
  Menkaure (D:6)
  Duvessa (D:7)
  7 water moccasins
  5 porcupines
  6 orc warriors
  7 ice beasts
  2 black bears
  5 ogres
  5 wolves (Lair:1)
  2 phantoms
  2 centaurs
  A big kobold (D:11)
  2 crocodiles (D:10)
  7 bullfrogs
  A gnoll sergeant (D:10)
  A wyvern zombie (D:11)
  A water moccasin zombie (D:7)
  3 scorpions
  Dowan (D:7)
  20 killer bees
  4 wights (D:10)
  2 electric eels
  3 crimson imps
  A howler monkey (D:11)
  A jelly (D:5)
  A quasit (D:8)
  A centaur zombie (D:11)
  7 orc priests
  2 hounds
  6 orc wizards
  Crazy Yiuf (D:7)
  3 centaur skeletons
  3 iguanas
  10 worker ants
  Ijyb (D:3)
  A hound zombie (D:9)
  A worker ant zombie (D:9)
  20 adders
  6 gnolls
  A howler monkey skeleton (D:9)
  3 shadow imps
  2 oozes (D:3)
  2 adder skeletons
  15 leopard geckos
  37 orcs
  9 giant cockroaches
  14 goblins
  13 hobgoblins
  6 jackals
  19 kobolds
  7 quokkas
  3 ball pythons
  4 bats
  3 frilled lizards
  A jackal zombie (D:8)
  7 rats
356 creatures vanquished.

Vanquished Creatures (collateral kills)
  An elephant (Lair:1)
  A spiny frog (Lair:2)
  A hippogriff (D:8)
  7 yaks
  A hungry ghost (D:10)
  2 spectral spiny frogs (Lair:2)
  A water moccasin (D:7)
  A sky beast (D:6)
  6 ogres
  2 wolves (Lair:1)
  3 bullfrogs
  A wyvern zombie (D:9)
  2 scorpions
  A killer bee (D:7)
  An electric eel (Lair:1)
  A crimson imp (D:11)
  A komodo dragon simulacrum (Lair:2)
  2 jellies (D:6)
  2 orc wizards
  A centaur skeleton (D:9)
  2 iguanas (D:4)
  A worker ant (D:4)
  An adder (D:6)
  2 leopard geckos (D:2)
  4 orcs
  A bat (D:3)
  A leopard gecko skeleton (D:4)
50 creatures vanquished.

Vanquished Creatures (others)
  14 hexers
  A quokka (D:4)
  A fire vortex (Lair:1)
  4 fungi (Lair:1)
20 creatures vanquished.

Grand Total: 426 creatures vanquished

Notes
Turn   | Place    | Note
-------+----------+-------------------------------------------
     0 | D:1      | TheGoonsmith the Gnoll Ice Elementalist began the quest for
                  | the Orb.
     0 | D:1      | Reached XP level 1. HP: 13/13 MP: 6/6
   196 | D:1      | Reached XP level 2. HP: 19/19 MP: 4/7
  1019 | D:2      | Found a hide-covered altar of Uskayaw,
  1026 | D:2      | Found a hazy altar of Hepliaklqana,
  1026 | D:2      | Found a radiant altar of Vehumet,
  1026 | D:2      | Found an opulent altar of Gozag,
  1057 | D:2      | Became a worshipper of Hepliaklqana the Forgotten
  1134 | D:2      | Reached XP level 3. HP: 22/22 MP: 9/9
  1180 | D:2      | Reached skill level 5 in Spellcasting
  1201 | D:2      | Reached skill level 1 in Invocations
  1473 | D:2      | Reached skill level 1 in Fighting
  1473 | D:2      | Reached skill level 1 in Short Blades
  1473 | D:2      | Reached skill level 1 in Long Blades
  1473 | D:2      | Reached skill level 1 in Axes
  1473 | D:2      | Reached skill level 1 in Maces & Flails
  1473 | D:2      | Reached skill level 1 in Polearms
  1473 | D:2      | Reached skill level 1 in Staves
  1473 | D:2      | Reached skill level 1 in Slings
  1473 | D:2      | Reached skill level 1 in Bows
  1473 | D:2      | Reached skill level 1 in Crossbows
  1473 | D:2      | Reached skill level 1 in Throwing
  1473 | D:2      | Reached skill level 1 in Armour
  1473 | D:2      | Reached skill level 1 in Shields
  1473 | D:2      | Reached skill level 1 in Unarmed Combat
  1473 | D:2      | Reached skill level 1 in Evocations
  1676 | D:2      | Reached XP level 4. HP: 28/28 MP: 11/11
  1911 | D:2      | Upgraded the game from 0.25-a0-681-gdf4e720 to
                  | 0.25-a0-860-gf695395
  2009 | D:3      | Found a shimmering altar of Xom.
  2036 | D:3      | Reached skill level 1 in Conjurations
  2036 | D:3      | Reached skill level 1 in Hexes
  2036 | D:3      | Reached skill level 1 in Charms
  2036 | D:3      | Reached skill level 1 in Summonings
  2036 | D:3      | Reached skill level 1 in Necromancy
  2036 | D:3      | Reached skill level 1 in Translocations
  2036 | D:3      | Reached skill level 1 in Transmutations
  2036 | D:3      | Reached skill level 1 in Fire Magic
  2036 | D:3      | Reached skill level 1 in Air Magic
  2036 | D:3      | Reached skill level 1 in Earth Magic
  2036 | D:3      | Reached skill level 1 in Poison Magic
  2309 | D:3      | Reached * piety under Hepliaklqana
  2365 | D:3      | Reached XP level 5. HP: 23/33 MP: 7/12
  2658 | D:3      | Found a glowing golden altar of the Shining One.
  2679 | D:3      | Noticed Ijyb
  2688 | D:3      | Killed Ijyb
  2704 | D:3      | Reached XP level 6. HP: 39/39 MP: 7/13
  2717 | D:3      | Noticed Sigmund
  2780 | D:3      | Killed Sigmund
  2780 | D:3      | Reached skill level 5 in Dodging
  3143 | D:3      | Learned a level 3 spell: Ozocubu's Armour
  3147 | D:3      | Learned a level 3 spell: Frozen Ramparts
  3147 | D:3      | Upgraded the game from 0.25-a0-860-gf695395 to
                  | 0.25-a0-939-g1e880d3
  3152 | D:3      | Learned a level 4 spell: Hailstorm
  3157 | D:3      | Learned a level 4 spell: Summon Ice Beast
  3345 | D:4      | Found a staircase to the Ecumenical Temple.
  3354 | D:4      | Reached XP level 7. HP: 41/45 MP: 15/15
  3370 | Temple   | Entered the Ecumenical Temple
  3739 | D:4      | Found Aptib's Antique Armour Boutique.
  4025 | D:4      | Reached ** piety under Hepliaklqana
  4026 | D:4      | Remembered your ancestor Akiya as a hexer
  4459 | D:4      | Reached skill level 5 in Stealth
  4486 | D:4      | Found a shadowy altar of Dithmenos.
  4658 | D:4      | Found a white marble altar of Elyvilon.
  4662 | D:4      | Reached XP level 8. HP: 48/51 MP: 16/16
  4799 | D:5      | Entered Level 5 of the Dungeon
  4811 | D:5      | Found an iron altar of Okawaru.
  5040 | D:5      | Got a warped dagger
  5041 | D:5      | Identified the +8 dagger "Nohuef" {venom, rPois} (You found
                  | it on level 5 of the Dungeon)
  5370 | D:6      | Noticed Grinder
  5394 | D:6      | Killed Grinder
  5887 | D:6      | Reached XP level 9. HP: 37/58 MP: 15/18
  6245 | D:6      | Noticed Maggie
  6389 | D:6      | Noticed Menkaure
  6404 | D:6      | Killed Menkaure
  6789 | D:6      | Killed Maggie
  6963 | D:6      | Reached *** piety under Hepliaklqana
  7022 | D:6      | Reached skill level 5 in Invocations
  7449 | D:7      | Reached XP level 10. HP: 62/65 MP: 16/20
  7510 | D:7      | Found an ancient bone altar of Kikubaaqudgha.
  7524 | D:7      | Noticed Harold
  7531 | D:7      | Killed Harold
  7531 | D:7      | Reached skill level 5 in Fighting
  7531 | D:7      | Reached skill level 5 in Short Blades
  7531 | D:7      | Reached skill level 5 in Long Blades
  7531 | D:7      | Reached skill level 5 in Axes
  7531 | D:7      | Reached skill level 5 in Maces & Flails
  7531 | D:7      | Reached skill level 5 in Polearms
  7531 | D:7      | Reached skill level 5 in Staves
  7531 | D:7      | Reached skill level 5 in Slings
  7531 | D:7      | Reached skill level 5 in Bows
  7531 | D:7      | Reached skill level 5 in Crossbows
  7531 | D:7      | Reached skill level 5 in Throwing
  7531 | D:7      | Reached skill level 5 in Armour
  7531 | D:7      | Reached skill level 5 in Shields
  7531 | D:7      | Reached skill level 5 in Unarmed Combat
  7531 | D:7      | Reached skill level 5 in Evocations
  7751 | D:7      | Found a runed translucent door.
  7752 | D:7      | Noticed Crazy Yiuf
  8410 | D:7      | Noticed Duvessa
  8410 | D:7      | Noticed Dowan
  8421 | D:7      | Killed Dowan
  8423 | D:7      | Killed Duvessa
  8804 | D:7      | Killed Crazy Yiuf
  9624 | D:8      | Reached **** piety under Hepliaklqana
 10310 | D:9      | Reached XP level 11. HP: 72/72 MP: 22/22
 10602 | D:10     | Entered Level 10 of the Dungeon
 10842 | D:10     | Noticed a two-headed ogre
 10853 | D:10     | Killed a two-headed ogre
 10853 | D:10     | Reached skill level 5 in Conjurations
 10853 | D:10     | Reached skill level 5 in Hexes
 10853 | D:10     | Reached skill level 5 in Charms
 10853 | D:10     | Reached skill level 5 in Summonings
 10853 | D:10     | Reached skill level 5 in Necromancy
 10853 | D:10     | Reached skill level 5 in Translocations
 10853 | D:10     | Reached skill level 5 in Transmutations
 10853 | D:10     | Reached skill level 5 in Fire Magic
 10853 | D:10     | Reached skill level 5 in Air Magic
 10853 | D:10     | Reached skill level 5 in Earth Magic
 10853 | D:10     | Reached skill level 5 in Poison Magic
 11124 | D:10     | Found a basalt altar of Yredelemnul.
 12021 | D:10     | Found a staircase to the Lair.
 12431 | D:11     | Found Rivabo's Assorted Antiques.
 12470 | D:11     | Bought a sedimented dark potion for 24 gold pieces
 12470 | D:11     | Bought a scroll of blinking for 202 gold pieces
 12470 | D:11     | Bought a scroll of blinking for 202 gold pieces
 12562 | D:11     | Noticed a two-headed ogre
 12582 | D:11     | Killed a two-headed ogre
 12582 | D:11     | Reached XP level 12. HP: 32/80 MP: 24/24
 12594 | D:11     | Upgraded the game from 0.25-a0-939-g1e880d3 to
                  | 0.25-a0-941-g40c2d65
 13108 | D:11     | Found Amag's Book Shoppe.
 13326 | D:11     | Noticed a two-headed ogre
 13347 | D:11     | Killed a two-headed ogre
 13788 | Lair:1   | Entered Level 1 of the Lair of Beasts
 13926 | Lair:1   | Reached ***** piety under Hepliaklqana
 13943 | Lair:1   | You fall into a shaft and drop 1 floor!
 15342 | Lair:2   | Found a staircase to the Swamp.
 15473 | Lair:2   | Reached XP level 13. HP: 88/88 MP: 22/26
 15612 | Lair:2   | Found a runed translucent gate.
 15612 | Lair:2   | Found a runed translucent gate.
 15614 | Lair:2   | Found a runed translucent gate.
 15619 | Lair:2   | Noticed Bisoxkiu's ghost (journeyman HaAr)
 16155 | Lair:2   | Killed Bisoxkiu's ghost
 16180 | Lair:2   | Slain by a black mamba simulacrum

Levels and vault maps discovered:
D:1:      saegor_arrival_simple_e, layout_basic, minmay_shallow_snake_nest
D:2:      layout_loops_corners, chequers_temple_overflow_statue_of_worship
D:3:      layout_loops_cross, tso_oasis_becter, overflow_temple_1_default,
          uniq_ijyb, uniq_sigmund
D:4:      layout_gridville, elyvilon_altar_4, nicolae_dithmenos_the_darkroom,
          minmay_temple_entry_drinking_statues, serial_shops, shop, first_ration
D:5:      layout_loops_cross, okawaru_gym_becter
D:6:      layout_loops_cross, uniq_grinder, uniq_menkaure, uniq_maggie
D:7:      corexii_shantytown, layout_rooms, kiku_gazebo_pond_becter,
          uniq_crazy_yiuf_cottage, uniq_harold, uniq_duvessa
D:8:      layout_cave_pods
D:9:      layout_cave_pools, kennysheep_generic_room_4
D:10:     layout_basic, erik_lair_dragon, basic_altar
D:11:     minmay_skewed_foursquare, layout_irregular_city, serial_shops,
          nicolae_shop_temple_entry_statues_fountains, shop_statue,
          hangedman_stone_soup, kennysheep_flooded_box
Temple:   minmay_temple_bridge_abc
Lair:1:   layout_gridlike, serial_bayou_pond_b,
          grunt_forest_small_clearing_treed
Lair:2:   layout_loops_ring, swamp_mist, gammafunk_ghost_necromancy,
          serial_bayou, serial_bayou_shore_b, serial_bayou_pond_b,
          serial_bayou_pond_a, serial_bayou_crossing

Skill      XL: |  1  2  3  4  5  6  7  8  9 10 11 12 13 |
---------------+----------------------------------------+-----
Spellcasting   | 5 6 7 8 9 |  9.4
Invocations    | 1 2 3 4 5 6 7 8 |  8.7
Fighting       | 1 2 3 4 5 6 7 |  7.9
Short Blades   | 1 2 3 4 5 6 7 |  7.9
Long Blades    | 1 2 3 4 5 6 7 |  7.9
Axes           | 1 2 3 4 5 6 7 |  7.9
Maces & Flails | 1 2 3 4 5 6 7 |  7.9
Polearms       | 1 2 3 4 5 6 7 |  7.9
Staves         | 1 2 3 4 5 6 7 |  7.9
Slings         | 1 2 3 4 5 6 7 |  7.9
Bows           | 1 2 3 4 5 6 7 |  7.9
Crossbows      | 1 2 3 4 5 6 7 |  7.9
Throwing       | 1 2 3 4 5 6 7 |  7.9
Armour         | 1 2 3 4 5 6 7 |  7.9
Shields        | 1 2 3 4 5 6 7 |  7.9
Unarmed Combat | 1 2 3 4 5 6 7 |  7.9
Evocations     | 1 2 3 4 5 6 7 |  7.9
Conjurations   | 1 2 3 4 5 6 |  6.6
Hexes          | 1 2 3 4 5 6 |  6.6
Charms         | 1 2 3 4 5 6 |  6.6
Summonings     | 1 2 3 4 5 6 |  6.6
Necromancy     | 1 2 3 4 5 6 |  6.6
Translocations | 1 2 3 4 5 6 |  6.6
Transmutations | 1 2 3 4 5 6 |  6.6
Fire Magic     | 1 2 3 4 5 6 |  6.6
Air Magic      | 1 2 3 4 5 6 |  6.6
Earth Magic    | 1 2 3 4 5 6 |  6.6
Poison Magic   | 1 2 3 4 5 6 |  6.6
Dodging        | 5 6 7 8 9 |  9.2
Stealth        | 5 6 7 8 9 |  9.0
Ice Magic      | 8 9 |  9.7

Action                   |  1- 3 |  4- 6 |  7- 9 | 10-12 | 13-15 || total
-------------------------+-------+-------+-------+-------+-------++-------
Melee: Short sword       |     2 |       |       |       |       ||     2
       Long sword        |    26 |     2 |       |       |       ||    28
       Bite              |     2 |       |    24 |    99 |     9 ||   134
       Flail             |       |    10 |    83 |       |       ||    93
       Punch             |       |     1 |       |    17 |     3 ||    21
       Dagger            |       |       |   152 |   668 |    41 ||   861
Throw: Dart              |     4 |       |       |       |       ||     4
 Cast: Freeze            |    29 |    53 |       |       |       ||    82
       Frozen Ramparts   |       |       |     6 |    27 |     2 ||    35
       Ozocubu's Armour  |       |       |     3 |     3 |       ||     6
       Summon Ice Beast  |       |       |     2 |    11 |     4 ||    17
       Hailstorm         |       |       |       |     9 |       ||     9
Invok: Recall Ancestor   |       |     1 |     1 |       |       ||     2
       Ancestor Life: He |       |       |     1 |       |       ||     1
Evoke: Wand              |       |       |       |       |     4 ||     4
  Use: Scroll            |       |       |    13 |     8 |       ||    21
       Potion            |       |       |     1 |     1 |       ||     2
 Stab: Sleeping          |     4 |     6 |    11 |    43 |       ||    64
       Distracted        |       |       |     1 |     4 |     2 ||     7
       Confused          |       |       |     5 |     2 |       ||     7
  Eat: Chunk             |     2 |     3 |    21 |    40 |     1 ||    67
       Ration            |       |     1 |       |       |       ||     1
Armor: Robe              |     2 |     4 |    40 |       |       ||    46
       Steam dragon scal |       |       |     9 |   110 |     3 ||   122
Dodge: Dodged            |    40 |    39 |   113 |   487 |    54 ||   733
       Rpst.: Long sword |    13 |     2 |       |       |       ||    15

Table legend:
 A = Non-vault XP
 B = Vault XP
 C = Vault XP percentage of total XP
 D = Non-vault monster count
 E = Vault monster count
 F = Vault count percentage of total count
                 A         B        C        D         E       F
            +---------+---------+-------+---------+---------+-------
      Total |   29346 |    6819 |  18.9 |     343 |      63 |  15.5
            +---------+---------+-------+---------+---------+-------
        D:1 |      18 |       2 |  10.0 |      11 |       2 |  15.4
        D:2 |      91 |       0 |   0.0 |      28 |       0 |   0.0
        D:3 |     200 |     262 |  56.7 |      31 |       2 |   6.1
        D:4 |     631 |       0 |   0.0 |      19 |       0 |   0.0
        D:5 |     386 |       0 |   0.0 |      16 |       0 |   0.0
        D:6 |    1894 |     796 |  29.6 |      36 |       3 |   7.7
        D:7 |    1302 |    1311 |  50.2 |      25 |      33 |  56.9
        D:8 |    1423 |       0 |   0.0 |      22 |       0 |   0.0
        D:9 |    1564 |     129 |   7.6 |      23 |       1 |   4.2
       D:10 |    4897 |     583 |  10.6 |      51 |       4 |   7.3
       D:11 |    7008 |     730 |   9.4 |      39 |       6 |  13.3
     Lair:1 |    7057 |     121 |   1.7 |      29 |       1 |   3.3
     Lair:2 |    2875 |    2885 |  50.1 |      13 |      11 |  45.8
            +---------+---------+-------+---------+---------+-------
